 Dungeon Crawl Stone Soup version 0.24-a0-584-g9d6b971 (webtiles) character file.

Game seed: 8541618077911157999, levelgen mode: deterministic

1542 BoppinsLewinski the Ruffian (level 8, -3/105 HPs)
             Began as a Pale Draconian Fighter on Sept 3, 2019.
             Slain by an unseen horror (5 damage)
             ... on level 6 of the Dungeon.
             The game lasted 00:13:44 (6238 turns).

BoppinsLewinski the Ruffian (DrFi)                  Turns: 6238, Time: 00:13:44

Health: -3/105     AC: 24    Str: 21    XL:     8   Next: 56%
Magic:  10/10      EV:  2    Int:  9    God:
Gold:   244        SH: 10    Dex: 15    Spells: 7/7 levels left

rFire    . . .     SeeInvis .     - Unarmed
rCold    . . .     Gourm    .   a - +0 shield
rNeg     + + +     Faith    .   (armour unavailable)
rPois    +         Spirit   .   (helmet currently unavailable)
rElec    .         Reflect  .   (cloak currently unavailable)
rCorr    .         Harm     .   (gloves currently unavailable)
MR       +....     NoTele   +   (boots currently unavailable)
Stlth    +.........             (no amulet)
HPRegen  0.27/turn              d - ring of protection from magic
MPRegen  0.12/turn              i - +5 ring of dexterity

@: tree-form
A: (breathe steam), unfitting armour, AC +6
a: no special abilities


You were on level 6 of the Dungeon.
You were not hungry.
You were a tree.
You visited 1 branch of the dungeon, and saw 6 of its levels.

You collected 244 gold pieces.

Inventory:

Missiles
 p - 10 boomerangs (quivered)
Armour
 a - a +0 shield (worn)
 m - a +0 pair of gloves (melded)
 q - a +1 cloak of invisibility (melded)
Jewellery
 d - a ring of protection from magic (left branch)
 i - a +5 ring of dexterity (right branch)
Wands
 u - a wand of iceblast (3)
Scrolls
 e - 2 scrolls of amnesia {unknown}
 f - 4 scrolls of teleportation {unknown}
 j - 2 scrolls of immolation {unknown}
 k - 2 scrolls of blinking {unknown}
 n - 4 scrolls of remove curse {unknown}
 o - 2 scrolls of identify {unknown}
 t - 2 scrolls of magic mapping {unknown}
Potions
 b - 2 potions of might
 g - a potion of magic
 h - 4 potions of curing
 r - 2 potions of invisibility {unknown}
 s - 3 potions of heal wounds {unknown}
 v - a potion of brilliance {unknown}
Comestibles
 c - 9 rations


   Skills:
 + Level 6.0 Fighting
 + Level 2.0 Throwing
 + Level 4.8 Dodging
 + Level 5.3 Shields
 * Level 6.7 Unarmed Combat
 + Level 2.6 Evocations


You had 7 spell levels left.
You didn't know any spells.
Your spell library was empty.

Dungeon Overview and Level Annotations

Branches:
Dungeon (6/15)
 Temple: D:4-7

Altars:
Dithmenos
Zin

Annotations:
D:3 1 runed translucent door, exclusion: downstairs, mhtbhm's ghost, amateur FoFi


Innate Abilities, Weirdness & Mutations

((You can breathe blasts of scalding, opaque steam.))
((Your pale cyan-grey scales are hard. (AC +6)))
You cannot fit into any form of body armour.
((You are cold-blooded and may be slowed by cold attacks.))


Message History

Yer +0 pair o' gloves melds inta yer body.
Yer roots penetrate tha ground.
Somethin' hits ye.
* * * LOW HITPOINT WARNIN'
* * * Somethin' hits ye but does nay damage.
Ye barely miss somethin'.
Somethin' hits ye but does nay damage.
Ye barely miss somethin'.
Ye haf got yer breath back.
Somethin' hits ye but does nay damage. x2
Ye swin' at nuthin'.
Somethin' hits ye but does nay damage.
Ye swin' at nuthin'.
Somethin' hits ye but does nay damage.
Ye swin' at nuthin'.
Somethin' hits ye but does nay damage.
Ye block somethin''s attack.
Ye closely miss somethin'.
Somethin' hits ye.
* * * LOW HITPOINT WARNIN'
* * * Ye swin' at nuthin'.
Somethin' hits ye but does nay damage.
Ye swin' at nuthin'.
Somethin' hits ye but does nay damage.
Ye swin' at nuthin'.
Somethin' hits ye but does nay damage.
Ye swin' at nuthin'.
Somethin' hits ye but does nay damage.
Ye swin' at nuthin'.
Somethin' hits ye.
Ye die...

#..§....#
#####
#.....#
......
##...##
#..###
####+#######
......
#...........
#..##.
#......(....
.#
#...........
.#
#.########+#
..# #♣.###
#..# #....#
...# #....##
##.# ..+
#.....# ##.#
.. ##....#
##.# .#
#....#
##.##.##
###..#
.......#
##.######
.......#####
#......#


There were no monsters in sight!

Vanquished Creatures
  An orc warrior (D:6)
  A phantom (D:5)
  2 ogres
  An ice beast (D:5)
  A centaur (D:6)
  A bullfrog (D:6)
  2 scorpions
  3 howler monkeys
  4 crimson imps
  2 hounds
  2 orc priests
  A centaur skeleton (D:3)
  A jelly (D:5)
  4 orc wizards
  A bullfrog skeleton (D:6)
  An iguana (D:6)
  2 worker ants
  2 hound skeletons
  8 adders
  2 shadow imps
  3 oozes
  2 dart slugs
  2 leopard geckos (D:1)
  14 orcs
  2 ball pythons
  8 bats
  5 giant cockroaches
  6 goblins
  8 hobgoblins
  9 jackals
  2 quokkas
  5 frilled lizards
  A giant cockroach zombie (D:5)
  8 kobolds
  7 rats
124 creatures vanquished.

Notes
Turn   | Place    | Note
-------+----------+-------------------------------------------
     0 | D:1      | BoppinsLewinski the Draconian Fighter began the quest for
                  | the Orb.
     0 | D:1      | Reached XP level 1. HP: 19/19 MP: 1/1
   134 | D:1      | Reached XP level 2. HP: 22/26 MP: 2/2
   286 | D:1      | Reached XP level 3. HP: 28/31 MP: 3/3
  1292 | D:2      | Reached XP level 4. HP: 40/40 MP: 4/4
  1594 | D:2      | Found a shadowy altar of Dithmenos.
  2026 | D:3      | Reached XP level 5. HP: 46/46 MP: 5/5
  2186 | D:3      | Found a runed translucent door.
  2187 | D:3      | Noticed mhtbhm's ghost (amateur FoFi)
  2543 | D:4      | Noticed an ogre
  3004 | D:3      | Reached XP level 6. HP: 45/53 MP: 6/6
  3976 | D:4      | Reached skill level 5 in Unarmed Combat
  3976 | D:4      | Your scales start taking on a pale cyan-grey colour.
  3976 | D:4      | Reached XP level 7. HP: 45/60 MP: 7/7
  4222 | D:4      | Reached skill level 5 in Fighting
  4544 | D:5      | Entered Level 5 of the Dungeon
  4624 | D:5      | HP: 2/61 [ogre/+0 giant club (20)]
  5520 | D:5      | Reached skill level 1 in Evocations
  5602 | D:5      | Reached skill level 1 in Throwing
  5687 | D:5      | Reached XP level 8. HP: 59/69 MP: 9/9
  5698 | D:5      | Reached skill level 5 in Shields
  5871 | D:6      | Found a glowing silver altar of Zin.
  6227 | D:6      | HP: 1/105 [something (6)]
  6233 | D:6      | HP: 1/105 [something (2)]
  6238 | D:6      | Slain by an unseen horror

Levels and vault maps discovered:
D:1:      scummos_arrival_checkerplants, layout_basic, minmay_pentomino_v4
D:2:      layout_basic, first_ration, minmay_misc_feat_room,
          nicolae_dithmenos_through_a_glass_darkly
D:3:      layout_loops_cross, ebering_ghost_sewer_d
D:4:      layout_basic, st_stairs_4
D:5:      layout_basic, chequers_serial_rivers_room_b
D:6:      minmay_opposing_rooms, layout_basic, basic_altar, serial_shops,
          nicolae_shop_waterfront, wad_floor_pattern_2

Skill      XL: |  1  2  3  4  5  6  7  8 |
---------------+-------------------------+-----
Dodging        | 3 4 |  4.8
Unarmed Combat | 3 4 5 6 |  6.7
Fighting       | 4 5 6 |  6.0
Shields        | 4 5 |  5.3
Evocations     | 1 2 |  2.6
Throwing       | 1 2 |  2.0

Action                   |  1- 3 |  4- 6 |  7- 9 || total
-------------------------+-------+-------+-------++-------
Melee: Unarmed           |   178 |   276 |   188 ||   642
       Tailslap          |    21 |    38 |    40 ||    99
Throw: Boomerang         |       |     5 |       ||     5
 Abil: Breathe Steam     |       |       |     5 ||     5
  Use: Potion            |       |       |     4 ||     4
 Stab: Sleeping          |       |     1 |       ||     1
  Eat: Chunk             |     1 |     5 |     2 ||     8
       Ration            |       |     1 |     2 ||     3
Armor: Skin              |    49 |    70 |    53 ||   172
Dodge: Dodged            |    71 |   100 |    63 ||   234
Block: Shield            |    87 |   107 |    77 ||   271

Table legend:
 A = Non-vault XP
 B = Vault XP
 C = Vault XP percentage of total XP
 D = Non-vault monster count
 E = Vault monster count
 F = Vault count percentage of total count
                 A         B        C        D         E       F
            +---------+---------+-------+---------+---------+-------
      Total |    1978 |     226 |  10.3 |     112 |      12 |   9.7
            +---------+---------+-------+---------+---------+-------
        D:1 |      46 |       6 |  11.5 |      24 |       4 |  14.3
        D:2 |      64 |       0 |   0.0 |      23 |       0 |   0.0
        D:3 |     372 |       0 |   0.0 |      28 |       0 |   0.0
        D:4 |     353 |       5 |   1.4 |      13 |       2 |  13.3
        D:5 |     641 |       0 |   0.0 |      13 |       0 |   0.0
        D:6 |     502 |     215 |  30.0 |      11 |       6 |  35.3
            +---------+---------+-------+---------+---------+-------
